 Dungeon Crawl Stone Soup version 0.26-a0-1129-gc5df7fbe6a (webtiles) character file.

Game seed: 10006931285965563768

5312 KristoblXynda the Carver (level 10, -1/90 HPs)
             Began as a Pale Draconian Gladiator on Dec 18, 2020.
             Was a Follower of Ashenzari.
             Slain by a killer bee (4 damage)
             ... on level 9 of the Dungeon.
             The game lasted 00:14:33 (10285 turns).

KristoblXynda the Carver (DrGl)                    Turns: 10285, Time: 00:14:35

Health: -1/90      AC: 10    Str: 16    XL:     10   Next: 37%
Magic:  10/10      EV: 18    Int: 10    God:    Ashenzari [*.....]
Gold:   390        SH:  5    Dex: 21    Spells: 9/9 levels left

rFire    . . .     SeeInvis .   a - +0 long sword
rCold    . . .     Faith    .   (no shield)
rNeg     . . .     Spirit   .   (armour unavailable)
rPois    .         Reflect  +   b - +0 hat
rElec    .         Harm     .   w - +0 cloak
rCorr    .         Rampage  +   v - +0 pair of gloves
Will     .....                  e - +0 pair of boots {rampage}
Stlth    ++........             t - amulet of reflection (curse)
HPRegen  0.25/turn              C - +6 ring of dexterity
MPRegen  0.12/turn              z - +4 ring of slaying (curse)

@: about to teleport, short of breath
A: breathe steam, unfitting armour, cold-blooded, AC +7
a: Breathe Steam, Renounce Religion, Curse Item, Scrying


You were on level 9 of the Dungeon.
You worshipped Ashenzari.
Ashenzari was aware of your devotion.
You visited 2 branches of the dungeon, and saw 10 of its levels.

You collected 522 gold pieces.
You spent 132 gold pieces at shops.

Inventory:

Hand Weapons
 a - a +0 long sword (weapon)
Missiles
 c - 4 throwing nets (quivered)
Armour
 b - a +0 hat (worn)
 e - a +0 pair of boots of rampaging (worn)
 v - a +0 pair of gloves (worn)
 w - a +0 cloak (worn)
Jewellery
 f - an uncursed ring of ice
 t - a cursed amulet of reflection (around neck)
 z - a cursed +4 ring of slaying (right hand)
 B - an uncursed amulet of faith
 C - a +6 ring of dexterity (left hand)
Wands
 s - a wand of flame (22)
 G - a wand of acid (11)
 H - a wand of polymorph (4)
Scrolls
 d - 4 scrolls of teleportation
 i - a scroll of magic mapping {unknown}
 j - a scroll of fear {unknown}
 n - a scroll of blinking {unknown}
 p - 6 scrolls of remove curse
 u - a scroll of immolation
 y - a scroll of fog {unknown}
 A - 2 scrolls of enchant armour {unknown}
 J - a scroll of noise {unknown}
Potions
 g - a potion of magic {unknown}
 h - 2 potions of flight
 l - a potion of degeneration {unknown}
 m - 2 potions of haste
 o - a potion of ambrosia {unknown}
 q - 2 potions of mutation
 r - a potion of berserk rage {unknown}
 x - 2 potions of might
 F - 2 potions of invisibility
 I - a potion of brilliance {unknown}


   Skills:
 + Level 8.8 Fighting
 + Level 10.9 Long Blades
 - Level 2.0 Throwing
 + Level 7.6 Dodging
 + Level 3.0 Evocations


You had 9 spell levels left.
You didn't know any spells.
Your spell library was empty.

Dungeon Overview and Level Annotations

Branches:
Dungeon (9/15)             Temple (1/1) D:6            Lair (0/6) D:9
    Orc: D:9-12

Altars:
Ashenzari
Cheibriados
Dithmenos
Elyvilon
Fedhas
Gozag
Hepliaklqana
Kikubaaqudgha
Makhleb
Nemelex Xobeh
Okawaru
Qazlal
Ru
Sif Muna
Trog
Uskayaw
Vehumet
Wu Jian
Xom
Yredelemnul
Zin
The Shining One
Beogh

Shops:
D:6 (   D:7 !


Innate Abilities, Weirdness & Mutations

You can breathe blasts of scalding, opaque steam.
Your pale cyan-grey scales are hard. (AC +7)
You cannot fit into any form of body armour.
You are cold-blooded and may be slowed by cold attacks.


Message History

The water moccasin is heavily wounded.
As you read the scroll of teleportation, it crumbles to dust.
You feel strangely unstable. The killer bee completely misses you.
You riposte.
You barely miss the killer bee.
The killer bee is severely wounded.
The wyvern bites you!
* * * LOW HITPOINT WARNING * * *
An ice beast comes into view.
The water moccasin bites you!
* * * LOW HITPOINT WARNING * * *
The killer bee closely misses you.
The wyvern bites you but does no damage.
Okay, then.
You feel better. The killer bee barely misses you.
The water moccasin bites you.
* * * LOW HITPOINT WARNING * * *
The wyvern bites you.
* * * LOW HITPOINT WARNING * * *
The killer bee stings you.
You die...

.........#.....#..........
.....#'###.....###'#......
.....#..........†.Y# .....
.....#.............# ....
.....#..##.....##..# ...
.....#..#########..# ...
.....#..##.....##..###'# .
.....#...........S..§§.#
.....#..........@l§§...#
.....#..##.....##y§.§..# .
.....# #.....##h######...
.....# #.... #.y......#
.....# #... #........#
.....# ## #........#
.....# ............#
.....# ............#
#####. .....####....#


You could see a water moccasin, a wyvern, an ice beast, a howler monkey and 2
killer bees.

Vanquished Creatures
  A tengu warrior (D:8)
  The ghost of rlgrobin the Cudgeller, a novice VSCK of Xom (D:6)
  A hornet (D:9)
  Sigmund (D:4)
  A basilisk (D:9)
  2 wyverns
  A wraith (D:8)
  A warg (D:6)
  The ghost of rlgrobin the Sneak, an amateur KoDe (D:4)
  2 water moccasins (D:9)
  2 sky beasts (D:8)
  3 orc warriors (D:6)
  4 ice beasts
  A phantom (D:4)
  3 centaurs
  A big kobold (D:7)
  A bullfrog (D:6)
  3 scorpions
  7 killer bees (D:9)
  4 wights (D:7)
  A howler monkey (D:4)
  A jelly (D:6)
  A centaur skeleton (D:8)
  A hound (D:6)
  6 orc priests
  Crazy Yiuf (D:3)
  4 orc wizards
  2 iguanas
  14 worker ants
  3 hound zombies
  A hound skeleton (D:4)
  4 gnolls (D:4)
  A howler monkey zombie (D:9)
  4 adders
  3 white imps
  An ooze (D:5)
  An adder skeleton (D:4)
  A worm (D:4)
  4 dart slugs
  5 leopard geckos
  20 orcs
  7 bats
  3 giant cockroaches
  8 goblins
  6 hobgoblins
  9 jackals
  8 kobolds
  4 quokkas
  7 frilled lizards
  3 rats
175 creatures vanquished.

Vanquished Creatures (others)
  A bush (D:9)
  5 fungi
  21 plants (D:9)
27 creatures vanquished.

Grand Total: 202 creatures vanquished

Notes
Turn   | Place    | Note
-------+----------+-------------------------------------------
     0 | D:1      | KristoblXynda the Draconian Gladiator began the quest for
                  | the Orb.
     0 | D:1      | Reached XP level 1. HP: 17/17 MP: 1/1
   311 | D:1      | Reached XP level 2. HP: 18/25 MP: 2/2
  1054 | D:2      | Found a faded altar of an unknown god.
  1164 | D:2      | Reached XP level 3. HP: 19/30 MP: 3/3
  2487 | D:3      | Reached skill level 4 in Long Blades
  2725 | D:3      | Reached XP level 4. HP: 28/38 MP: 4/4
  3534 | D:3      | Found a runed translucent door.
  3535 | D:3      | Noticed Crazy Yiuf
  3545 | D:3      | Killed Crazy Yiuf
  3809 | D:4      | Reached XP level 5. HP: 45/45 MP: 5/5
  3840 | D:4      | Found a transporter.
  3840 | D:4      | Noticed rlgrobin's ghost (amateur KoDe)
  3853 | D:4      | Found a transporter.
  3993 | D:4      | Found a sacrificial altar of Ru.
  3993 | D:4      | Noticed a phantom
  4029 | D:4      | Killed a phantom
  4030 | D:4      | Reached skill level 5 in Long Blades
  4030 | D:4      | Reached XP level 6. HP: 14/52 MP: 6/6
  4640 | D:4      | Found a radiant altar of Vehumet.
  4640 | D:4      | Found a blossoming altar of Fedhas.
  4950 | D:4      | Noticed Sigmund
  4966 | D:4      | Killed Sigmund
  4967 | D:4      | Reached skill level 6 in Long Blades
  4967 | D:4      | Your scales start taking on a pale cyan-grey colour.
  4967 | D:4      | Reached XP level 7. HP: 43/60 MP: 7/7
  5073 | D:4      | Found a basalt altar of Yredelemnul.
  5474 | D:4      | Found a shimmering blue altar of Sif Muna.
  5626 | D:4      | Killed rlgrobin's ghost
  5627 | D:4      | Reached skill level 5 in Fighting
  5756 | D:5      | Entered Level 5 of the Dungeon
  5826 | D:5      | Reached skill level 7 in Long Blades
  6011 | D:5      | Reached skill level 5 in Dodging
  6011 | D:5      | Reached XP level 8. HP: 69/69 MP: 8/8
  6026 | D:5      | Found a basalt altar of Yredelemnul.
  6427 | D:4      | Found a snail-covered altar of Cheibriados.
  6427 | D:4      | Found an opulent altar of Gozag.
  6531 | D:6      | Found a staircase to the Ecumenical Temple.
  6543 | Temple   | Entered the Ecumenical Temple
  6553 | Temple   | Became a worshipper of Ashenzari the Shackled
  6678 | D:6      | Found a runed translucent gate.
  6679 | D:6      | Found a runed translucent gate.
  6686 | D:6      | Found a runed translucent gate.
  6686 | D:6      | Noticed rlgrobin's ghost (novice VSCK)
  6687 | D:6      | Identified the +1 mace of Anguish {pain, +Rage Str+4
                  | Stlth+}
  6687 | D:6      | Identified the +1 plate armour of Tomorrow {rPois MP-9
                  | Dex+3}
  7331 | D:6      | Found Cayj Ivu's Antique Weapon Boutique.
  7695 | D:6      | Found a roughly hewn altar of Beogh.
  7715 | D:6      | Reached skill level 8 in Long Blades
  7746 | D:6      | Killed rlgrobin's ghost
  7747 | D:6      | Reached skill level 9 in Long Blades
  7747 | D:6      | Reached XP level 9. HP: 36/78 MP: 9/9
  8349 | D:7      | Found Nintion's Distillery.
  8357 | D:7      | Bought a potion of lignification for 36 gold pieces
  8357 | D:7      | Bought a potion of invisibility for 96 gold pieces
  8651 | D:7      | Found a roughly hewn altar of Beogh.
  9192 | D:8      | Noticed a tengu warrior
  9221 | D:8      | Killed a tengu warrior
  9222 | D:8      | Reached skill level 10 in Long Blades
  9309 | D:8      | Reached XP level 10. HP: 80/88 MP: 10/10
  9695 | D:9      | Reached skill level 1 in Evocations
  9958 | D:9      | Reached * piety under Ashenzari
  9963 | D:9      | Found a staircase to the Lair.
 10284 | D:9      | HP: 4/90 [water moccasin (7)]
 10285 | D:9      | Slain by a killer bee

Illustrated notes

Levels and vault maps discovered:
D:1:      dpeg_arrival_boxes_within_box, layout_basic
D:2:      layout_basic, chequers_ecumenical_altar_grove
D:3:      layout_basic, minmay_strange_pillars, minmay_misc_feat_hallway,
          uniq_crazy_yiuf_cottage
D:4:      layout_basic, nicolae_overflow_hidden_temple, old_standard_altar,
          gammafunk_ghost_arena, chequers_avenue,
          hangedman_abyss_or_decor_passed, lemuel_blue_sif_altar, uniq_sigmund
D:5:      layout_cave_pools, basic_altar
D:6:      layout_layer_cave, minmay_temple_entry_sparse_star, serial_shops,
          nicolae_shop_competitors_out_of_business, biasface_ghost_orc_armoury
D:7:      layout_loops_cross, serial_shops,
          nicolae_shop_competitors_out_of_business, david_defended_altar_orc
D:8:      layout_basic
D:9:      layout_gridville, minmay_lair_entry_grove
Temple:   eino_temple_rhombus

Skill      XL: |  1  2  3  4  5  6  7  8  9 10 |
---------------+-------------------------------+-----
Throwing       | 2 |  2.0
Dodging        | 3 4 5 6 7 |  7.6
Long Blades    | 4 5 6 7 9 10 | 10.9
Fighting       | 3 4 5 6 8 |  8.8
Evocations     | 3 |  3.0

Action                   |  1- 3 |  4- 6 |  7- 9 | 10-12 || total
-------------------------+-------+-------+-------+-------++-------
Melee: Long sword        |    92 |   137 |   198 |    68 ||   495
       Tailslap          |     7 |    29 |    34 |    11 ||    81
Invok: Curse Item        |       |       |     2 |       ||     2
 Abil: Breathe Steam     |       |       |    20 |     5 ||    25
Evoke: Wand              |       |     3 |       |       ||     3
  Use: Scroll            |     3 |       |     3 |     4 ||    10
       Potion            |     1 |       |     2 |     3 ||     6
 Stab: Sleeping          |       |       |     4 |     4 ||     8
Armor: Skin              |    28 |    27 |    53 |    94 ||   202
Dodge: Dodged            |    75 |    68 |   119 |    67 ||   329
Block: Other             |     2 |    27 |    40 |    15 ||    84
       Reflection        |       |       |     2 |       ||     2
       Rpst.: Long sword |    18 |    21 |    27 |    17 ||    83

Table legend: (Time is in decaauts)
 A = Elapsed time spent in this place.
 B = Non-inter-level travel time spent in this place.
 C = Inter-level travel time spent in this place.
 D = Time resting spent in this place.
 E = Time spent auto-exploring this place.
 F = Levels seen in this place.
 G = Mean time per level.
                   A        B        C        D        E       F      G
               +--------+--------+--------+--------+--------+-----+--------+
         Total |  10298 |   9957 |    341 |   2807 |   5583 |  10 | 1029.8 |
       Dungeon |  10176 |   9849 |    327 |   2807 |   5488 |   9 | 1130.7 |
        Temple |    121 |    107 |     14 |      0 |     95 |   1 |  121.0 |
               +--------+--------+--------+--------+--------+-----+--------+

Top non-repeatable levels by time:
     D:4: 2041 daAuts
     D:3: 1558 daAuts
     D:6: 1480 daAuts
     D:2: 1343 daAuts
     D:7: 935 daAuts
     D:1: 925 daAuts
     D:8: 667 daAuts
     D:5: 635 daAuts
     D:9: 589 daAuts
  Temple: 121 daAuts
